 Dungeon Crawl Stone Soup version 0.25-a0-578-gc91f01c39c (webtiles) character file.

Game seed: 18211721580364050498, levelgen mode: classic

22173 EnegeticOcto the Cleaver (level 12, -5/118 HPs)
             Began as a Deep Dwarf Fighter on Mar 4, 2020.
             Was a High Priest of Makhleb.
             Killed from afar by Frances (17 damage)
             ... with an iron shot
             ... on level 13 of the Dungeon.
             The game lasted 00:07:14 (8393 turns).

EnegeticOcto the Cleaver (Deep Dwarf Fighter)       Turns: 8393, Time: 00:07:15

Health: -5/118     AC: 23    Str: 24    XL:     12   Next: 60%
Magic:  12/12      EV:  6    Int: 10    God:    Makhleb [*****.]
Gold:   602        SH: 12    Dex: 14    Spells: 11/11 levels left

rFire    . . .     SeeInvis +   w - +2 war axe (vorpal)
rCold    . . .     Gourm    .   c - +0 kite shield
rNeg     . . .     Faith    .   y - +0 plate armour
rPois    .         Spirit   .   r - +0 helmet
rElec    .         Reflect  .   h - +0 cloak
rCorr    .         Harm     .   m - +1 pair of gloves
MR       ++...                  (no boots)
Stlth    ..........             (no amulet)
HPRegen  0.00/turn              v - ring of see invisible
MPRegen  0.13/turn              s - ring of protection from magic

@: non-regenerating
A: damage resistance, heal wounds, slimy green scales 1, thin skeletal structure
1, yellow scales 1, sense surroundings 2, no regeneration
a: Heal Wounds, Minor Destruction, Lesser Servant of Makhleb, Major Destruction,
Greater Servant of Makhleb, Renounce Religion


You were on level 13 of the Dungeon.
You worshipped Makhleb.
Makhleb was extremely pleased with you.
You were hungry.

You visited 2 branches of the dungeon, and saw 14 of its levels.
You also visited: Sewer.

You collected 764 gold pieces.
You spent 162 gold pieces at shops.

Inventory:

Hand Weapons
 a - a +0 broad axe
 w - a +2 vorpal war axe (weapon)
 x - a +3 antimagic war axe
Missiles
 u - 3 throwing nets (quivered)
Armour
 c - a +0 kite shield (worn)
 h - a +0 cloak (worn)
 m - a +1 pair of gloves (worn)
 r - a +0 helmet (worn)
 y - a +0 plate armour (worn)
Jewellery
 s - a ring of protection from magic (right hand)
 v - a ring of see invisible (left hand)
Wands
 t - a wand of paralysis (8)
 A - a wand of flame (13)
 E - a wand of polymorph (6)
 F - a wand of iceblast (13)
Scrolls
 d - 4 scrolls of enchant weapon
 j - 5 scrolls of teleportation {@r2}
 o - 7 scrolls of remove curse {@r6}
 q - 2 scrolls of blinking {@r3}
 G - a scroll of identify {@r1}
Potions
 b - 4 potions of heal wounds {@q2}
 f - a potion of lignification {@q7}
 i - 2 potions of brilliance
 k - 2 potions of might {@q3}
 l - 5 potions of curing {@q1}
 n - a potion of haste {@q4}
 p - 5 potions of flight
 z - 2 potions of magic {unknown}
 B - a potion of berserk rage {unknown}
 C - 2 potions of invisibility
 D - a potion of ambrosia
Comestibles
 e - 21 rations
 g - 5 chunks of flesh


   Skills:
 * Level 10.6 Fighting
 * Level 12.1 Axes
 + Level 9.2 Armour
 + Level 9.2 Shields
 * Level 12.1 Invocations


You had 11 spell levels left.
You didn't know any spells.
Your spell library was empty.

Dungeon Overview and Level Annotations

Branches:
Dungeon (13/15)            Temple (1/1) D:5            Lair (0/6) D:8
    Orc (0/2) D:10          Sewer (visited)
 Vaults: D:13-14

Altars:
Ashenzari
Cheibriados
Dithmenos
Elyvilon
Fedhas
Gozag
Hepliaklqana
Kikubaaqudgha
Makhleb
Nemelex Xobeh
Okawaru
Qazlal
Ru
Sif Muna
Trog
Uskayaw
Vehumet
Wu Jian
Xom
Yredelemnul
Zin
The Shining One

Shops:
D:6 !   D:7 }([%[

Portals:
Abyss: D:10

Annotations:
D:5 2 transporters
D:9 3 runed translucent doors, whitenoisemaker's ghost, novice DrFi
D:10 2 transporters, Tenz's ghost, journeyman FoFi
D:13 Frances


Innate Abilities, Weirdness & Mutations

You are resistant to damage.
You can heal yourself by infusing magical energy.
You passively map the area around you.
You do not regenerate.
You are partially covered in slimy green scales. (AC +2)
You have a somewhat thin skeletal structure. (Dex +2, Stealth)
You are partially covered in yellow scales. (AC +2)


Message History

You block the ice devil's attack.
Your orange demon barely misses Frances.
You feel much better.
The sixfirhy hits you but does no damage.
You block the sixfirhy's attack.
The sixfirhy hits you but does no damage.
Frances hits you with a +2 long sword of holy wrath!
The sixfirhy closely misses you. You block the ice devil's attack.
Your orange demon stings Frances from afar.
You slice Frances!!
Frances is severely wounded.
You barely miss the sixfirhy. You hit the ice devil.
You block the sixfirhy's attack. The sixfirhy hits you.
The sixfirhy shocks you! You block the sixfirhy's attack.
Frances mutters a nigh-unspeakable word.
Frances mutters in a terrible tongue.
The sixfirhy hits you but does no damage.
The ice devil completely misses you.
Your hellwing barely misses the ynoxinul.
Your hellwing hits the ynoxinul but does no damage.
Frances whispers indecipherable words.
You block the shard of ice.
Your orange demon stings Frances from afar!
You hit Frances.
Frances is severely wounded.
You hit the sixfirhy. You slash the ynoxinul! You slash the ice devil!
Frances chants phrases taken from a devil's mouth.
The iron shot hits you!! The ice devil hits you!
* * * LOW HITPOINT WARNING * * *
The ice devil freezes you!!
* * * LOW HITPOINT WARNING * * *
Your hellwing closely misses the ynoxinul.
Your hellwing hits the ynoxinul.
The ynoxinul gestures.
Your orange demon stings Frances from afar!
You are too injured to fight recklessly!
You are too injured to fight recklessly!
You are too injured to fight recklessly!
You are too injured to fight recklessly!
You are too injured to fight recklessly!
You are too injured to fight recklessly!
You are too injured to fight recklessly!
You are too injured to fight recklessly!
You are too injured to fight recklessly!
You are too injured to fight recklessly!
You are too injured to fight recklessly!
You are too injured to fight recklessly!
You are too injured to fight recklessly!
You feel much better. Frances hits you but does no damage.
The ufetubus hits your orange demon.
The ufetubus closely misses your orange demon.
The ufetubus barely misses your hellwing.
The ufetubus hits your hellwing but does no damage.
The ice devil hits you but does no damage.
Your hellwing hits the ynoxinul! Your hellwing misses the ynoxinul.
You block the ynoxinul's attack.
Your orange demon stings the ufetubus.
Your orange demon barely misses the ufetubus.
Your magical essence is drained by the effort!
You feel much better.
The sixfirhy hits you but does no damage.
Frances hits you with a +2 long sword of holy wrath!
The ufetubus barely misses your orange demon. x2
The ufetubus hits your hellwing but does no damage. x2
You block the sixfirhy's attack.
The ice devil hits you but does no damage.
Frances closely misses you.
Your hellwing hits the ufetubus!
The ufetubus dies!
Your orange demon stings the ufetubus.
Your orange demon hits the ufetubus!
The ufetubus dies!
You block the ynoxinul's attack.
You feel much better. The sixfirhy barely misses you.
The sixfirhy hits you but does no damage.
The sixfirhy barely misses you. You block the sixfirhy's attack.
Frances whispers indecipherable words.
The iron shot hits you!!!
* * * LOW HITPOINT WARNING * * *
The ice devil hits you.
* * * LOW HITPOINT WARNING * * *
The ice devil freezes you!
* * * LOW HITPOINT WARNING * * *
Your hellwing barely misses the ynoxinul.
Your hellwing hits the ynoxinul.
The ynoxinul hits you but does no damage.
Your orange demon stings Frances but does no damage.
You feel much better. The sixfirhy hits you. The sixfirhy shocks you!
* * * LOW HITPOINT WARNING * * *
You block the sixfirhy's attack.
Frances hits you with a +2 long sword of holy wrath!
* * * LOW HITPOINT WARNING * * *
You block the ice devil's attack.
Your hellwing hits the ynoxinul. x2
Your orange demon stings Frances but does no damage.
The ynoxinul gestures at your hellwing. The iron shot hits your hellwing!
You feel much better.
Frances screams a word of power!
The iron shot hits you!!
* * * LOW HITPOINT WARNING * * *
Frances mutters in a terrible tongue.
The iron shot hits you!!
You die...

* * * ### , #.
* ... * #.# ###
, * #.# * * ,
,, ###.# #,* *
#. #..... .. ,
#.#
#.##.#####.#.#
#.#
#.##.433a....#
* #.#
#.##.4@@uZ....
#.#
#.##.##4##.#.#*
#.####.##.# .#
,* *
#.........# .#
* #.........#
.# #.####.##.#
.# ,* * #.#
#.##># .#* ,*
#.# #.##.# .# ,
#.# #....., * *


You could see Frances, a green ugly thing, an ice devil, a sixfirhy, a ynoxinul,
a worker ant, a wyvern skeleton, a friendly orange demon and a friendly
hellwing.

Vanquished Creatures
  Snorg (D:12)
  Erolcha (D:9)
  Harold (D:7)
  An ice dragon (D:11)
  A hydra (D:11)
  A centaur warrior (D:13)
  2 two-headed ogres
  3 skeletal warriors (D:12)
  2 unseen horrors
  A kobold demonologist (D:11)
  2 hornets
  A polar bear (D:11)
  Grinder (D:4)
  2 trolls
  7 slime creatures (D:12)
  3 hippogriffs
  13 yaks
  A basilisk (D:9)
  Grum (D:9)
  3 hungry ghosts
  8 orc warriors
  A black bear (D:9)
  4 eyes of draining
  3 ice beasts
  7 sky beasts
  2 phantoms
  10 ogres
  4 wolves
  9 centaurs
  3 big kobolds
  7 bullfrogs
  Blork the orc (D:6)
  A water moccasin skeleton (D:7)
  2 scorpions (D:10)
  7 killer bees
  4 wights (D:9)
  A crimson imp (D:10)
  4 hounds
  A bullfrog zombie (D:12)
  3 centaur zombies
  19 orc wizards
  6 jellies
  Crazy Yiuf (D:6)
  10 orc priests
  3 bullfrog skeletons
  A centaur skeleton (D:5)
  4 iguanas
  7 worker ants
  Terence (D:2)
  A hound zombie (D:9)
  A hound skeleton (D:10)
  A worker ant zombie (D:10)
  A howler monkey skeleton (D:5)
  7 adders
  A river rat (Sewer)
  2 shadow imps
  6 oozes
  2 adder skeletons
  2 worms
  6 leopard geckos
  68 orcs
  2 ball pythons
  5 giant cockroaches
  5 goblins
  6 hobgoblins
  8 jackals
  6 quokkas
  5 bats
  A frilled lizard (D:4)
  A jackal skeleton (D:5)
  19 kobolds
  A quokka skeleton (D:7)
  2 quokka zombies
  6 rats
  A spectral orc (D:8)
348 creatures vanquished.

Vanquished Creatures (collateral kills)
  2 skeletal warriors (D:12)
  A centaur skeleton (D:12)
  2 polar bears (D:11)
  A slime creature (D:12)
  An orc wizard (D:12)
  An orc priest (D:12)
  An orc (D:12)
9 creatures vanquished.

Vanquished Creatures (others)
  A leopard gecko (D:9)
  3 fungi (D:9)
  A plant (D:9)
5 creatures vanquished.

Grand Total: 362 creatures vanquished

Notes
Turn   | Place    | Note
-------+----------+-------------------------------------------
     0 | D:1      | EnegeticOcto the Deep Dwarf Fighter began the quest for the
                  | Orb.
     0 | D:1      | Reached XP level 1. HP: 20/20 MP: 1/1
   129 | D:1      | Reached XP level 2. HP: 22/27 MP: 2/2
   225 | D:2      | Noticed Terence
   234 | D:2      | Killed Terence
   234 | D:2      | Reached XP level 3. HP: 22/34 MP: 3/3
   346 | D:3      | Reached XP level 4. HP: 21/42 MP: 3/3
   585 | D:3      | Found a sacrificial altar of Ru.
   689 | D:3      | Noticed an ogre
   697 | D:3      | Reached XP level 5. HP: 24/50 MP: 4/4
   701 | D:3      | Killed an ogre
   826 | D:3      | Found a glowing drain.
   837 | Sewer    | Entered a sewer
   938 | Sewer    | Reached XP level 6. HP: 28/57 MP: 5/5
   958 | Sewer    | Found a glowing silver altar of Zin.
  1223 | D:4      | Found a white marble altar of Elyvilon.
  1223 | D:4      | Found a glowing golden altar of the Shining One.
  1279 | D:4      | Found a snail-covered altar of Cheibriados.
  1651 | D:4      | Noticed Grinder
  1669 | D:4      | Paralysed by Grinder for 3 turns
  1676 | D:4      | Killed Grinder
  1676 | D:4      | Reached skill level 5 in Axes
  1676 | D:4      | Reached XP level 7. HP: 65/66 MP: 4/4
  1711 | D:4      | Reached skill level 5 in Fighting
  1795 | D:4      | Found a shadowy altar of Dithmenos.
  1843 | D:4      | Found a sparkling altar of Nemelex Xobeh.
  1885 | D:4      | Reached skill level 5 in Armour
  2225 | D:5      | Entered Level 5 of the Dungeon
  2230 | D:5      | Reached skill level 5 in Shields
  2280 | D:5      | Found a transporter.
  2368 | D:5      | Reached XP level 8. HP: 35/75 MP: 5/5
  2403 | D:5      | Found a transporter.
  2495 | D:5      | Found a staircase to the Ecumenical Temple.
  2516 | Temple   | Entered the Ecumenical Temple
  2700 | Temple   | Became a worshipper of Makhleb the Destroyer
  2883 | D:5      | Reached skill level 1 in Invocations
  2940 | D:5      | Found a bloodstained altar of Trog.
  3061 | D:6      | Gained mutation: You are occasionally teleported next to
                  | monsters. [potion of mutation]
  3061 | D:6      | Gained mutation: You are somewhat resistant to further
                  | mutation. [potion of mutation]
  3061 | D:6      | Gained mutation: You have a somewhat thin skeletal
                  | structure. (Dex +2, Stealth) [potion of mutation]
  3062 | D:6      | Lost mutation: You are somewhat resistant to further
                  | mutation. [potion of mutation]
  3062 | D:6      | Lost mutation: You are occasionally teleported next to
                  | monsters. [potion of mutation]
  3062 | D:6      | Gained mutation: You are partially covered in yellow
                  | scales. (AC +2) [potion of mutation]
  3062 | D:6      | Gained mutation: You are partially covered in slimy green
                  | scales. (AC +2) [potion of mutation]
  3084 | D:6      | Found Burizal's Distillery.
  3129 | D:6      | Gained mutation: You passively map the area around you.
                  | [Deep Dwarf growth]
  3129 | D:6      | Reached XP level 9. HP: 54/85 MP: 2/8
  3196 | D:6      | Reached * piety under Makhleb
  3417 | D:6      | Noticed Blork the orc
  3429 | D:6      | Killed Blork the orc
  3495 | D:6      | Found a runed translucent door.
  3496 | D:6      | Noticed Crazy Yiuf
  3787 | D:6      | Killed Crazy Yiuf
  3860 | D:7      | Reached skill level 5 in Invocations
  3977 | D:7      | Found Duodonac's Food Emporium.
  4031 | D:7      | Reached ** piety under Makhleb
  4102 | D:7      | Found Woat's Antique Weapon Shop.
  4104 | D:7      | Noticed Harold
  4138 | D:7      | Killed Harold
  4138 | D:7      | Reached XP level 10. HP: 66/96 MP: 4/12
  4153 | D:7      | Bought a glowing war axe for 162 gold pieces
  4220 | D:7      | Found Townam's Gadget Boutique.
  4255 | D:7      | Found Raut Hoytz's Antique Armour Shop.
  4290 | D:7      | Found an opulent altar of Gozag.
  4438 | D:7      | Found Bisut's Antique Armour Shoppe.
  4772 | D:8      | Found a basalt altar of Yredelemnul.
  4775 | D:8      | Reached *** piety under Makhleb
  4823 | D:8      | Found a staircase to the Lair.
  4964 | D:8      | Found a shimmering blue altar of Sif Muna.
  4974 | D:8      | Found a radiant altar of Vehumet.
  4977 | D:8      | Found a shattered altar of Ashenzari.
  5012 | D:9      | Noticed Erolcha
  5032 | D:9      | Killed Erolcha
  5083 | D:9      | Found a runed translucent gate.
  5086 | D:9      | Found a runed translucent gate.
  5086 | D:9      | Found a runed translucent gate.
  5089 | D:9      | Noticed whitenoisemaker's ghost (novice DrFi)
  5134 | D:9      | Noticed a two-headed ogre
  5142 | D:9      | Killed a two-headed ogre
  5142 | D:9      | Reached skill level 10 in Axes
  5211 | D:9      | Found an ornate altar of the Wu Jian Council.
  5447 | D:9      | Reached **** piety under Makhleb
  5447 | D:9      | Reached XP level 11. HP: 100/104 MP: 14/14
  5471 | D:9      | Noticed Grum
  5482 | D:9      | Killed Grum
  5726 | D:10     | Entered Level 10 of the Dungeon
  5739 | D:10     | Found a staircase to the Orcish Mines.
  5811 | D:10     | Found a transporter.
  5815 | D:10     | Found a transporter.
  5901 | D:10     | Noticed a wizard
  5921 | D:10     | Noticed a wizard
  5926 | D:10     | Found a one-way gate to the infinite horrors of the Abyss.
  5926 | D:10     | Noticed Tenz's ghost (journeyman FoFi)
  6248 | D:10     | Noticed an unseen horror
  6280 | D:10     | Killed an unseen horror
  6446 | D:11     | Noticed a seven-headed hydra
  6482 | D:11     | Killed a 13-headed hydra
  6484 | D:11     | Noticed a two-headed ogre
  6498 | D:11     | Killed a two-headed ogre
  6507 | D:11     | Reached skill level 10 in Invocations
  6607 | D:11     | Noticed an unseen horror
  6616 | D:11     | Killed an unseen horror
  7018 | D:11     | Found a frozen archway.
  7019 | D:11     | Noticed an ice dragon
  7069 | D:11     | Killed an ice dragon
  7338 | D:12     | Reached XP level 12. HP: 111/116 MP: 15/15
  7450 | D:12     | Paralysed by a hornet for 3 turns
  7456 | D:12     | Reached skill level 10 in Fighting
  7510 | D:12     | Noticed Snorg
  7533 | D:12     | Killed Snorg
  7580 | D:12     | Reached ***** piety under Makhleb
  8163 | D:13     | Noticed a centaur warrior
  8174 | D:13     | Killed a centaur warrior
  8368 | D:13     | Noticed Frances
  8393 | D:13     | Killed from afar by Frances

Levels and vault maps discovered:
D:1:      kennysheep_arrival_forest, layout_rooms
D:2:      layout_rooms, first_ration, uniq_terence
D:3:      layout_basic, nicolae_ru_sacrificial_ziggurat,
          cheibrodos_sewer_entry_bend
D:4:      layout_layer_cave, old_standard_altar,
          gammafunk_temple_overflow_pools, grunt_dithmenos_smoke,
          lemuel_round_altar, uniq_grinder
D:5:      gammafunk_wand_slinger, layout_rooms, trog_eyes_of_draining,
          minmay_temple_entry_enclosed_plants, kennysheep_generic_room_3
D:6:      layout_loops_cross, serial_shops, nicolae_shop_behind_doors,
          uniq_blork_the_orc, uniq_crazy_yiuf_cottage
D:7:      layout_cave_pools, grunt_gozag_statues, serial_shops,
          nicolae_shop_crystal, nicolae_shop_competitors_out_of_business,
          nicolae_shop_statue_plus, shop, shop, uniq_harold
D:8:      layout_rooms, minmay_overflow_temple_star_quad,
          yredelemnul_forgotten_temple_becter, lair_entry_dummy,
          hangedman_little_slice_of_home
D:9:      layout_roguey, kennysheep_mini, gammafunk_ghost_nasty_kobolds,
          uniq_erolcha, uniq_grum
D:10:     layout_basic, orc_0_dummy, gammafunk_ghost_abyssal_escape
D:11:     layout_rooms, portal_ice_cave_entry_animals_and_master
D:12:     layout_stronghold, serial_column_ruins, column_ruins_hut,
          column_ruins_columns_straight, column_ruins_grid_1,
          column_ruins_grid_3, column_ruins_open_small, column_ruins_grid_1,
          uniq_snorg
D:13:     layout_loops_ring, special_room [special_room_bee], uniq_frances
Temple:   grunt_temple_mini_profane

Skill      XL: |  1  2  3  4  5  6  7  8  9 10 11 12 |
---------------+-------------------------------------+-----
Fighting       | 3 4 5 6 7 8 9 10 | 10.6
Axes           | 3 4 5 6 7 8 10 11 12 | 12.1
Armour         | 4 5 6 7 8 9 |  9.2
Shields        | 4 5 6 7 8 9 |  9.2
Invocations    | 3 6 9 11 12 | 12.1

Action                   |  1- 3 |  4- 6 |  7- 9 | 10-12 || total
-------------------------+-------+-------+-------+-------++-------
Melee: War axe           |    73 |   132 |   318 |   704 ||  1227
Invok: Lesser Servant of |       |       |       |    12 ||    12
 Abil: Heal Wounds       |     3 |     4 |     8 |    26 ||    41
Evoke: Wand              |       |       |       |     1 ||     1
  Use: Scroll            |     1 |       |     7 |     9 ||    17
       Potion            |       |       |     2 |       ||     2
 Stab: Distracted        |       |       |       |     3 ||     3
  Eat: Chunk             |       |     2 |     9 |    22 ||    33
       Ration            |       |       |       |     2 ||     2
Armor: Scale mail        |    39 |    51 |    70 |       ||   160
       Plate armour      |       |       |    91 |   550 ||   641
Dodge: Dodged            |    27 |    50 |    62 |   164 ||   303
Block: Kite shield       |    56 |    70 |   171 |   486 ||   783

Table legend:
 A = Non-vault XP
 B = Vault XP
 C = Vault XP percentage of total XP
 D = Non-vault monster count
 E = Vault monster count
 F = Vault count percentage of total count
                 A         B        C        D         E       F
            +---------+---------+-------+---------+---------+-------
      Total |   24968 |    6709 |  21.2 |     314 |      43 |  12.0
            +---------+---------+-------+---------+---------+-------
        D:1 |      14 |       0 |   0.0 |       8 |       0 |   0.0
        D:2 |       5 |      32 |  86.5 |       4 |       1 |  20.0
        D:3 |     290 |       5 |   1.7 |      32 |       1 |   3.0
        D:4 |     322 |     295 |  47.8 |      15 |       1 |   6.2
        D:5 |     949 |     253 |  21.0 |      20 |       4 |  16.7
        D:6 |    1196 |     132 |   9.9 |      23 |       2 |   8.0
        D:7 |    1271 |    1018 |  44.5 |      38 |       1 |   2.6
        D:8 |    1436 |     166 |  10.4 |      25 |       9 |  26.5
        D:9 |    2764 |    1544 |  35.8 |      38 |       5 |  11.6
       D:10 |    2183 |       0 |   0.0 |      23 |       0 |   0.0
       D:11 |    3129 |    2235 |  41.7 |      12 |       8 |  40.0
       D:12 |    9366 |     898 |   8.7 |      66 |       1 |   1.5
       D:13 |    2043 |       0 |   0.0 |      10 |       0 |   0.0
      Sewer |       0 |     131 | 100.0 |       0 |      10 | 100.0
            +---------+---------+-------+---------+---------+-------
